 Dungeon Crawl Stone Soup version 0.30.0-20-g3615ddf2f0 (webtiles) character file.

Game seed: 10097432122862605443

2617 qw the Blocker (level 9, -14/55 HPs)
             Began as a Gargoyle Fighter on May 31, 2023.
             Was an Initiate of Okawaru.
             Demolished by a two-headed ogre
             ... wielding a +0 dire flail
              (24 damage)
             ... on level 7 of the Dungeon.
             The game lasted 00:02:58 (6333 turns).

qw the Blocker (Gargoyle Fighter)                   Turns: 6333, Time: 00:02:59

Health: -14/55     AC: 12    Str: 31    XL:     9   Next: 60%
Magic:  9/9        EV:  7    Int:  8    God:    Okawaru [......]
Gold:   136        SH:  9    Dex:  9    Spells: 8/8 levels left

rFire   . . .        Y - +0 war axe (venom)
rCold   . . .        i - +0 kite shield
rNeg    + . .        r - +2 plate armour of the Four Beds {Will+}
rPois   inf          (no helmet)
rElec   +            (no cloak)
rCorr   .            (no gloves)
SInv    .            (no boots)
Will    ++...        (no amulet) Stlth
                     k - +6 ring of strength
HPRegen 0.29/turn    p - ring of willpower
MPRegen 0.11/turn

%: no passive effects
@: about to teleport, corroded
A: sickness immunity, AC +6, negative energy resistance 1, electricity
resistance, torment resistance 1, petrification resistance
a: Renounce Religion


You were on level 7 of the Dungeon.
You worshipped Okawaru.
Okawaru was noncommittal.
You visited 2 branches of the dungeon, and saw 8 of its levels.
You also visited: Sewer.

You collected 336 gold pieces.
You spent 200 gold pieces at shops.


Innate Abilities, Weirdness & Mutations

You are immune to sickness and miasma.
Your stone body is resilient. (AC +6)
You are immune to poison.
You resist negative energy. (rN+)
You are resistant to electric shocks. (rElec)
You are resistant to unholy torment.
You are immune to petrification.


   Skills:
 - Level 6.0 Fighting
 + Level 8.2 Axes
 - Level 2.5 Throwing
 - Level 4.2 Armour
 - Level 1.0 Dodging
 - Level 8.2 Shields


You had 8 spell levels left.
You didn't know any spells.
Your spell library was empty.

Inventory:

Hand Weapons
 o - a +0 flail of protection
 Y - a +0 war axe of venom (weapon)
Missiles
 b - a javelin (quivered)
 c - 4 boomerangs
Armour
 i - a +0 kite shield (worn)
 n - a +0 cloak
 r - the +2 plate armour of the Four Beds (worn) {Will+}
   (You found it on level 6 of the Dungeon)

   Will:      It increases your willpower.
Jewellery
 k - a +6 ring of strength (left hand)
 p - a ring of willpower (right hand)
Scrolls
 a - 8 scrolls of identify
 m - 2 scrolls of teleportation
 q - a scroll of enchant armour
 s - a scroll of noise {unknown}
Potions
 d - 4 potions of might
 e - a potion of heal wounds
 f - 2 potions of haste
 g - a potion of lignification
 h - a potion of resistance
 j - 3 potions of attraction
 l - a potion of mutation {unknown}

Dungeon Overview and Level Annotations

Branches:
Dungeon (7/15)             Temple (1/1) D:6           Sewer (visited)

Altars:
Cheibriados
Dithmenos
Elyvilon
Fedhas
Hepliaklqana
Kikubaaqudgha
Makhleb
Okawaru
Qazlal
Ru
Sif Muna
Trog
Uskayaw
Vehumet
Wu Jian
Xom
Zin
The Shining One

Shops:
D:4 ?   D:5 :?


Message History

The acid dragon claws you but does no damage.
You hit the acid dragon.
The acid dragon is almost dead.
You block the acid dragon's attack.
The acid dragon claws you but does no damage.
You closely miss the acid dragon.
The acid dragon is almost dead.
The acid dragon spits acid at you. The splash of acid hits you.
The acid corrodes you! You block the acid dragon's attack.
The acid dragon claws you but does no damage.
You hit the acid dragon but do no damage.
The acid dragon is almost dead.
You block the acid dragon's attack.
The acid dragon claws you but does no damage.
You hit the acid dragon.
You kill the acid dragon!
Okawaru accepts your kill.
The acid dragon scales are intact enough to wear.
You slash the two-headed ogre!
The two-headed ogre hits you with a +0 dire flail.
You block the two-headed ogre's attack.
You slash the two-headed ogre!
The two-headed ogre looks as sick as possible!
The two-headed ogre is moderately wounded.
The two-headed ogre completely misses you.
You block the two-headed ogre's attack.
You slash the two-headed ogre!
The two-headed ogre is heavily wounded.
You hit the two-headed ogre.
The two-headed ogre looks as sick as possible!
The two-headed ogre is severely wounded.
The two-headed ogre hits you with a +0 dire flail!
The two-headed ogre hits you but does no damage.
6333 ||| READING 3 scrolls of teleportation.
As you read the scroll of teleportation, it crumbles to dust.
You feel strangely unstable. The two-headed ogre barely misses you.
The two-headed ogre hits you with a +0 giant club!!
You die...

....
.........###.........#
....
#.......#.......#..##
.#.>.....#...##.#####
...........######
..........##
#.........##.#
######........
##.##...#....?
#..[@.#.#.....
##..O.........
#..$........>
#..........#..
#?....###### ..#....
..##.... #.###....#


You could see a two-headed ogre (extremely poisoned).

Vanquished Creatures
  Pikel (D:5)
  A steam dragon (D:6)
  Menkaure (D:4)
  A water moccasin (D:6)
  An acid dragon (D:7)
  2 ice beasts
  A sky beast (D:6)
  3 ogres (D:5)
  A centaur (D:7)
  4 lemures (D:5)
  5 kobold brigands
  A bullfrog (D:7)
  A scorpion (D:6)
  A hound (D:5)
  An orc priest (D:4)
  A sleepcap (D:5)
  2 iguanas
  3 orc wizards
  10 adders
  8 gnolls
  4 river rats (Sewer)
  A white imp (D:7)
  5 worms
  2 dart slugs
  15 orcs
  9 endoplasms
  2 giant cockroaches (D:2)
  4 goblins
  6 hobgoblins
  4 jackals (D:2)
  5 quokkas
  9 ball pythons
  8 bats
  3 frilled lizards (D:1)
  20 kobolds
  9 rats
155 creatures vanquished.

Vanquished Creatures (others)
  A scorpion (D:6)
1 creature vanquished.

Grand Total: 156 creatures vanquished

Notes
Turn   | Place    | Note
-------+----------+-------------------------------------------
     0 | D:1      | qw the Gargoyle Fighter began the quest for the Orb.
     0 | D:1      | Reached XP level 1. HP: 14/14 MP: 1/1
     0 | D:1      | 0 ||| qw: Version: 0.2-a-102-gfc559e5
     0 | D:1      | 0 ||| qw: Game counter: 591
     0 | D:1      | 0 ||| qw: Always use a shield: true
     0 | D:1      | 0 ||| qw: God list: Okawaru
     0 | D:1      | 0 ||| qw: Allow faded altars: false
     0 | D:1      | 0 ||| qw: Do Orc after D:15 true
     0 | D:1      | 0 ||| qw: Do second Lair branch before Depths: true
     0 | D:1      | 0 ||| qw: Lair rune preference: random
     0 | D:1      | 0 ||| qw: Plans: Normal, Zot:1-4, Slime:5, God:TSO, Crypt,
                  | Tomb, Pan, Hells, Abyss, Win
     0 | D:1      | 0 ||| PLANNING D:1-11
   137 | D:1      | 137 ||| Stepping ~*~*~tactically~*~*~ (stealth).
   195 | D:1      | 195 ||| Stepping ~*~*~tactically~*~*~ (hiding).
   204 | D:1      | Reached XP level 2. HP: 19/19 MP: 2/2
   331 | D:1      | 331 ||| Stepping ~*~*~tactically~*~*~ (stealth).
   332 | D:1      | 332 ||| Stepping ~*~*~tactically~*~*~ (stealth).
   337 | D:1      | 337 ||| Stepping ~*~*~tactically~*~*~ (stealth).
   338 | D:1      | 338 ||| Stepping ~*~*~tactically~*~*~ (stealth).
   339 | D:1      | 339 ||| Stepping ~*~*~tactically~*~*~ (stealth).
   341 | D:1      | 341 ||| Stepping ~*~*~tactically~*~*~ (stealth).
   342 | D:1      | 342 ||| Stepping ~*~*~tactically~*~*~ (stealth).
   652 | D:1      | Reached skill level 3 in Axes
   670 | D:1      | Reached XP level 3. HP: 14/23 MP: 3/3
   882 | D:1      | 882 ||| UPGRADING to +0 chain mail.
   892 | D:1      | 892 ||| DROPPING +0 scale mail.
   893 | D:1      | 893 ||| UPGRADING to +6 ring of strength.
   894 | D:1      | 894 ||| READING scroll labelled UBBAUKICRE.
   895 | D:1      | 895 ||| READING scroll labelled GAADDO EZAIKE.
  1001 | D:2      | 1001 ||| Stepping ~*~*~tactically~*~*~ (stealth).
  1286 | D:2      | 1286 ||| DROPPING +0 whip.
  1478 | D:2      | Reached XP level 4. HP: 28/28 MP: 4/4
  1493 | D:2      | Identified the +3 short sword of Qazlal, Scorching
                  | {protect, rPois rN+}
  1540 | D:2      | 1540 ||| Stepping ~*~*~tactically~*~*~ (stealth).
  1563 | D:2      | HP: 3/28 [gnoll/+0 halberd (8)]
  1902 | D:2      | Reached XP level 5. HP: 32/32 MP: 5/5
  1994 | D:2      | 1994 ||| UPGRADING to +0 kite shield.
  2004 | D:2      | 2004 ||| DROPPING +0 buckler.
  2005 | D:2      | 2005 ||| DRINKING 2 purple potions.
  2006 | D:2      | 2006 ||| READING 2 scrolls of identify.
  2006 | D:2      | 2006 ||| IDENTIFYING lumpy golden potion
  2293 | D:3      | You fall into a shaft and drop 1 floor!
  2294 | D:4      | 2294 ||| DROPPING ring of flight.
  2295 | D:4      | 2295 ||| READING scroll labelled RITEXEQYLE.
  2296 | D:4      | 2296 ||| READING scroll labelled SIYCREOJOV.
  2297 | D:4      | 2297 ||| READING scroll labelled QIGRIPN KAICW.
  2398 | D:4      | 2398 ||| DRINKING 2 viscous blue potions.
  2399 | D:4      | 2399 ||| DRINKING 2 sapphire potions.
  2426 | D:4      | 2426 ||| READING 3 scrolls of identify.
  2426 | D:4      | 2426 ||| IDENTIFYING fizzy red potion
  2427 | D:4      | 2427 ||| READING 2 scrolls of identify.
  2427 | D:4      | 2427 ||| IDENTIFYING red potion
  2434 | D:4      | 2434 ||| STAIRDANCE
  2645 | D:4      | 2645 ||| Stepping ~*~*~tactically~*~*~ (stealth).
  2646 | D:4      | 2646 ||| Stepping ~*~*~tactically~*~*~ (stealth).
  2647 | D:4      | 2647 ||| Stepping ~*~*~tactically~*~*~ (stealth).
  2670 | D:4      | 2670 ||| DRINKING potion of curing.
  2670 | D:4      | 2670 ||| (to cure confusion)
  2698 | D:4      | Reached XP level 6. HP: 25/37 MP: 6/6
  2763 | D:4      | Identified the +10 sling of Lusting Dismemberment {drain,
                  | Will+}
  2808 | D:4      | 2808 ||| Stepping ~*~*~tactically~*~*~ (stealth).
  2809 | D:4      | 2809 ||| Stepping ~*~*~tactically~*~*~ (stealth).
  2901 | D:4      | 2901 ||| READING scroll of brand weapon.
  2901 | D:4      | 2901 ||| BRANDING +0 heavy war axe.
  2908 | D:4      | Noticed Menkaure
  2911 | D:4      | HP: 9/37 [Menkaure (14)]
  2912 | D:4      | 2912 ||| DRINKING potion of heal wounds.
  2917 | D:4      | Killed Menkaure
  3082 | D:4      | Found Cyb Nom's Magic Scroll Shop.
  3092 | D:4      | 3092 ||| BUYING scroll of enchant armour (90 gold).
  3092 | D:4      | Bought a scroll of enchant armour for 90 gold pieces
  3092 | D:4      | 3092 ||| BUYING scroll of identify (24 gold).
  3092 | D:4      | Bought a scroll of identify for 24 gold pieces
  3092 | D:4      | 3092 ||| BUYING scroll of identify (24 gold).
  3092 | D:4      | Bought a scroll of identify for 24 gold pieces
  3092 | D:4      | 3092 ||| BUYING scroll of teleportation (36 gold).
  3092 | D:4      | Bought a scroll of teleportation for 36 gold pieces
  3166 | D:4      | 3166 ||| UPGRADING to ring of willpower.
  3167 | D:4      | 3167 ||| READING scroll labelled PYACOE RODEGI.
  3168 | D:4      | 3168 ||| READING scroll labelled VALER ATUNN.
  3390 | D:4      | 3390 ||| Stepping ~*~*~tactically~*~*~ (stealth).
  3475 | D:5      | Entered Level 5 of the Dungeon
  3475 | D:5      | Found Wuafuacw's Magic Scroll Shoppe.
  3476 | D:5      | 3476 ||| PLANNING SEWER
  3487 | D:5      | 3487 ||| BUYING scroll of identify (26 gold).
  3487 | D:5      | Bought a scroll of identify for 26 gold pieces
  3487 | D:5      | 3487 ||| SHOPLISTING scroll of identify (26 gold, have 12).
  3487 | D:5      | 3487 ||| SHOPLISTING scroll of teleportation (39 gold, have
                  | 12).
  3522 | D:5      | Reached XP level 7. HP: 43/43 MP: 7/7
  3578 | D:5      | 3578 ||| Stepping ~*~*~tactically~*~*~ (stealth).
  3579 | D:5      | 3579 ||| Stepping ~*~*~tactically~*~*~ (stealth).
  3581 | D:5      | 3581 ||| Stepping ~*~*~tactically~*~*~ (stealth).
  3617 | D:5      | Noticed Pikel
  3618 | D:5      | 3618 ||| Stepping ~*~*~tactically~*~*~ (stealth).
  3620 | D:5      | 3620 ||| Stepping ~*~*~tactically~*~*~ (stealth).
  3638 | D:5      | Killed Pikel
  3639 | D:5      | Reached XP level 8. HP: 27/48 MP: 8/8
  3851 | D:5      | Found a glowing drain.
  3852 | D:5      | 3852 ||| READING scroll labelled TAKOCKUARR.
  3862 | Sewer    | Entered a sewer
  4061 | Sewer    | Reached skill level 6 in Axes
  4206 | Sewer    | 4206 ||| Stepping ~*~*~tactically~*~*~ (water).
  4317 | Sewer    | Reached skill level 1 in Dodging
  4361 | Sewer    | 4361 ||| Stepping ~*~*~tactically~*~*~ (water).
  4437 | Sewer    | 4437 ||| Stepping ~*~*~tactically~*~*~ (water).
  4500 | D:5      | 4500 ||| PLANNING D:1-11
  4654 | D:5      | Found Nurane's Book Emporium.
  4711 | D:5      | Found a bloodstained altar of Trog.
  4774 | D:5      | Found a glowing golden altar of the Shining One.
  4835 | D:5      | Reached XP level 9. HP: 54/54 MP: 9/9
  4852 | D:5      | 4852 ||| DROPPING +0 flail.
  4888 | D:5      | Found a shimmering blue altar of Sif Muna.
  4989 | D:5      | 4989 ||| READING scroll labelled TYWETZAXZU.
  5006 | D:6      | 5006 ||| FLEEEEING.
  5007 | D:6      | 5007 ||| FLEEEEING.
  5008 | D:6      | 5008 ||| FLEEEEING.
  5009 | D:6      | 5009 ||| FLEEEEING.
  5010 | D:6      | 5010 ||| FLEEEEING.
  5011 | D:6      | 5011 ||| STAIRDANCE
  5188 | D:6      | Found an ornate altar of the Wu Jian Council.
  5232 | D:6      | Identified the +2 plate armour of the Four Beds {Will+}
  5398 | D:6      | Reached skill level 6 in Fighting
  5559 | D:6      | Found a burning altar of Makhleb.
  5655 | D:6      | Found a staircase to the Ecumenical Temple.
  5656 | D:6      | 5656 ||| PLANNING TEMPLE
  5656 | D:6      | 5656 ||| UPGRADING to +2 plate armour of the Four Beds
                  | {Will+}.
  5666 | D:6      | 5666 ||| DROPPING +0 chain mail.
  5667 | D:6      | 5667 ||| READING 8 scrolls of identify.
  5667 | D:6      | 5667 ||| IDENTIFYING metallic cyan potion
  5668 | D:6      | 5668 ||| DROPPING potion of degeneration.
  5674 | Temple   | Entered the Ecumenical Temple
  5700 | Temple   | 5700 ||| PLANNING OKAWARU WORSHIP
  5937 | Temple   | Became a worshipper of Warmaster Okawaru
  5937 | Temple   | 5937 ||| PLANNING D:1-11
  6187 | D:7      | 6187 ||| Stepping ~*~*~tactically~*~*~ (hiding).
  6188 | D:7      | 6188 ||| Stepping ~*~*~tactically~*~*~ (hiding).
  6190 | D:7      | 6190 ||| Stepping ~*~*~tactically~*~*~ (hiding).
  6323 | D:7      | Noticed a two-headed ogre
  6332 | D:7      | HP: 10/55 [two-headed ogre/+0 dire flail (10)]
  6333 | D:7      | 6333 ||| READING 3 scrolls of teleportation.
  6333 | D:7      | Demolished by a two-headed ogre

Levels and vault maps discovered:
D:1:      minmay_arrival_split_and_join, layout_loops_ring,
          minmay_split_cup_large
D:2:      layout_loops_corners, dk_vineyard_3, kennysheep_nub, minivault_11
D:3:      layout_rooms
D:4:      layout_loops_cross, serial_shops, nicolae_lakefront_shop,
          hangedman_glass_teeth, uniq_menkaure
D:5:      layout_cave_pods, led_sif_pool, lemuel_doored_altar, tso_oasis_becter,
          serial_shops, shop, shop, portal_sewer_entry_d, uniq_pikel
D:6:      layout_cave_pools, mainiacjoe_overflow_boulevard,
          mainiacjoe_overflow_alcove_2, minmay_temple_entry_fiery,
          minmay_crossroads
D:7:      layout_cave_pools, nrook_mini_backslash, columned_hall_lemuel,
          amcnicky_mini_rare_corridor_liquid, kb_rosetta
Temple:   oiseaux_autumnal_temple

Skill      XL: |  1  2  3  4  5  6  7  8  9 |
---------------+----------------------------+-----
Axes           | 2 3 4 5 7 8 |  8.2
Shields        | 5 7 8 |  8.2
Throwing       | 2 |  2.5
Fighting       | 4 5 6 |  6.0
Dodging        | 1 |  1.0
Armour         | 4 |  4.2

Action                     |  1- 3 |  4- 6 |  7- 9 || total
---------------------------+-------+-------+-------++-------
  Melee: War axe           |   129 |   132 |   196 ||   457
  Throw: Javelin           |       |    11 |    30 ||    41
         Boomerang         |       |       |    37 ||    37
    Use: Scroll            |     2 |     9 |     4 ||    15
         Potion            |       |     5 |       ||     5
 Armour: Scale mail        |    49 |       |       ||    49
         Chain mail        |    42 |    98 |    87 ||   227
         Plate armour      |       |       |    21 ||    21
  Dodge: Dodged            |    62 |    51 |    57 ||   170
  Block: Buckler           |    24 |    10 |       ||    34
         Kite shield       |       |    29 |    96 ||   125

Table legend:
 A = Non-vault XP
 B = Vault XP
 C = Vault XP percentage of total XP
 D = Non-vault monster count
 E = Vault monster count
 F = Vault count percentage of total count
                 A         B        C        D         E       F
            +---------+---------+-------+---------+---------+-------
      Total |    1972 |    1767 |  47.3 |     114 |      38 |  25.0
            +---------+---------+-------+---------+---------+-------
        D:1 |      32 |       6 |  15.8 |      21 |       4 |  16.0
        D:2 |     127 |       0 |   0.0 |      27 |       0 |   0.0
        D:3 |      40 |       0 |   0.0 |      12 |       0 |   0.0
        D:4 |     154 |     172 |  52.8 |      14 |       1 |   6.7
        D:5 |     732 |     676 |  48.0 |      21 |       2 |   8.7
        D:6 |     520 |     398 |  43.4 |      15 |       3 |  16.7
        D:7 |     367 |       0 |   0.0 |       4 |       0 |   0.0
      Sewer |       0 |     515 | 100.0 |       0 |      28 | 100.0
            +---------+---------+-------+---------+---------+-------
